 Dungeon Crawl Stone Soup version 0.29.1-12-g30fa7ad0bf (webtiles) character file.

Game seed: 12062120400295542384

4209 Hadkhar the Fighter (level 10, 86/86 HPs)
             Began as a Merfolk Abyssal Knight on Nov 19, 2022.
             Was an Elder of Lugonu.
             Quit the game on level 8 of the Dungeon on Dec 28, 2022.
             The game lasted 00:44:32 (9785 turns).

Hadkhar the Fighter (Merfolk Abyssal Knight)        Turns: 9785, Time: 00:44:32

Health: 86/86      AC: 10    Str: 26    XL:     10   Next: 29%
Magic:  15/15      EV: 16    Int: 10    God:    Lugonu [****..]
Gold:   344        SH:  5    Dex: 18    Spells: 9/9 levels left

rFire   . . .      SeeInvis .   K - +2 spear (venom)
rCold   . . .      Faith    .   (no shield)
rNeg    . . .      Spirit   .   M - +0 swamp dragon scales
rPois   +          Reflect  +   (no helmet)
rElec   .          Harm     .   (no cloak)
rCorr   .          Rampage  .   t - +1 pair of gloves
Will    .....                   p - +0 pair of boots
Stlth   +.........              o - amulet of reflection
HPRegen 0.24/turn               g - +6 ring of strength
MPRegen 0.14/turn               F - +6 ring of strength

@: no status effects
A: (nimble swimmer 2), mertail
a: Renounce Religion, Depart the Abyss, Bend Space, Banish, Corrupt


You were on level 8 of the Dungeon.
You worshipped Lugonu.
Lugonu was greatly pleased with you.
You visited 2 branches of the dungeon, and saw 9 of its levels.
You visited the Abyss 1 time.

You collected 344 gold pieces.

Inventory:

Hand Weapons
 k - a +2 mace of holy wrath
 H - a +0 shortbow
 K - a +2 spear of venom (weapon)
 L - a +0 scimitar
Missiles
 f - 6 silver boomerangs
 h - 5 curare-tipped darts (quivered)
 m - 11 boomerangs
 u - 10 poisoned darts
Armour
 p - a +0 pair of boots (worn)
 t - a +1 pair of gloves (worn)
 I - +0 steam dragon scales
 M - +0 swamp dragon scales (worn)
Jewellery
 g - a +6 ring of strength (left hand)
 o - an amulet of reflection (around neck)
 A - a +6 ring of dexterity
 F - a +6 ring of strength (right hand)
Wands
 J - a wand of charming (12)
Scrolls
 c - 3 scrolls of poison
 e - a scroll of summoning {unknown}
 s - 3 scrolls of teleportation {unknown}
 v - a scroll of noise {unknown}
 w - a scroll of torment {unknown}
 x - a scroll of amnesia {unknown}
 y - a scroll of acquirement {unknown}
 z - 2 scrolls of enchant weapon {unknown}
 E - a scroll of blinking {unknown}
 G - 2 scrolls of enchant armour {unknown}
Potions
 a - 2 potions of might {unknown}
 d - a potion of lignification
 i - 2 potions of curing
 j - 4 potions of heal wounds
 l - a potion of cancellation
 q - a potion of mutation
 r - 2 potions of attraction
 B - a potion of haste {unknown}
 C - 2 potions of flight {unknown}
 D - 2 potions of ambrosia {unknown}


   Skills:
 + Level 10.4 Fighting
 * Level 2.4 Long Blades
 - Level 8.6 Polearms
 - Level 0.6 Armour
 + Level 9.1 Dodging
 + Level 7.5 Invocations


You had 9 spell levels left.
You didn't know any spells.
Your spell library contained the following spells:

 Spells                   Type           Power      Damage    Failure   Level
 Beastly Appendage        Tmut           0%         N/A       50%         1
 Blink                    Tloc           0%         N/A       65%         2
 Animate Dead             Necr           0%         N/A       99%         4
 Borgnjor's Vile Clutch   Necr/Erth      0%         N/A       100%        5
 Manifold Assault         Tloc           0%         N/A       100%        5
 Death Channel            Necr           0%         N/A       100%        6
 Dispersal                Tloc           0%         N/A       100%        6
 Storm Form               Tmut/Air       0%         N/A       100%        7
 Disjunction              Tloc           0%         N/A       100%        8


Dungeon Overview and Level Annotations

Branches:
Dungeon (8/15)             Temple (1/1) D:6
   Lair: D:8-11

Altars:
Ashenzari
Cheibriados
Dithmenos
Elyvilon
Fedhas
Hepliaklqana
Kikubaaqudgha
Makhleb
Nemelex Xobeh
Okawaru
Qazlal
Ru
Sif Muna
Vehumet
Xom
Yredelemnul
Zin
The Shining One

Annotations:
D:4 Menkaure


Innate Abilities, Weirdness & Mutations

((You are very nimble when in or above water. (Stealth+, EV+, Speed+++)))
Your lower body shifts to a powerful aquatic tail in water.


Message History

The steam dragon looks as sick as possible!
The steam dragon is almost dead.
The steam dragon breathes steam at you. The ball of steam hits you!
You closely miss the steam dragon.
The steam dragon is almost dead.
You are engulfed in a cloud of scalding steam.
You puncture the steam dragon!
You kill the steam dragon!
Lugonu accepts your kill.
The steam dragon scales are intact enough to wear.
You are engulfed in a cloud of scalding steam.
Things that are here:
+0 steam dragon scales; a steam dragon corpse You start resting.
An orc is nearby!
Press: ? - help, v - describe, . - travel, g - get item
Items here: +0 steam dragon scales; a steam dragon corpse.
The floor, spattered with blood.
Things that are here:
+0 steam dragon scales; a steam dragon corpse I - +0 steam dragon scales You drop a +0 leather armour.
You drop a +0 ring mail.
Unknown command.
You puncture the orc!
The orc looks as sick as possible!
The orc is almost dead.
You hit the orc.
You kill the orc!
Lugonu accepts your kill.
You see here a +0 hand axe.
You start resting.
HP restored.
Found a potion of heal wounds.
j - 4 potions of heal wounds (gained 1) Saving game... please wait.
Welcome back, Hadkhar the Merfolk Abyssal Knight.
Lugonu says: Spread carnage and corruption!
Press ? for a list of commands and other information.
Are you sure you want to abandon this character and quit the game? (Confirm with "yes".)

#.#............
#.#.#..........
#.#.######.####
#.#.# #.#
#.#.######.#######..
#.#.................
#.###...........##.
#...............#
#####@..........#
#...........#
#...........#
#...........#
#............#
#.......###...#
###....## P... ....#


There were no monsters in sight!

Vanquished Creatures
  Pikel (D:6)
  Maggie (D:7)
  A hornet (D:8)
  Sigmund (D:6)
  A shadow (D:8)
  A wyvern (D:8)
  Eustachio (D:4)
  6 yaks
  A steam dragon (D:8)
  3 sky beasts (D:7)
  2 ogres
  A centaur (D:6)
  2 phantoms
  A kobold brigand (D:6)
  A bullfrog (D:7)
  3 necrophages
  A scorpion (D:7)
  A jelly (D:6)
  A hound (D:5)
  4 orc priests
  2 gnoll boudas
  2 iguanas (D:4)
  4 orc wizards
  Natasha (thrice) (D:3)
  5 adders
  10 gnolls
  A white imp (D:5)
  3 dart slugs
  7 orcs
  6 bats
  8 endoplasms
  4 giant cockroaches
  4 goblins
  8 hobgoblins
  7 jackals (D:3)
  3 quokkas
  3 ball pythons
  3 frilled lizards
  13 kobolds
  5 rats
135 creatures vanquished.

Vanquished Creatures (others)
  A fungus (D:3)
  4 plants
  4 withered plants (D:6)
9 creatures vanquished.

Grand Total: 144 creatures vanquished

Notes
Turn   | Place    | Note
-------+----------+-------------------------------------------
     0 | Abyss:1  | Hadkhar the Merfolk Abyssal Knight began the quest for the
                  | Orb.
     0 | Abyss:1  | Reached XP level 1. HP: 18/18 MP: 2/2
    32 | Abyss:1  | Found a corrupted altar of Lugonu.
    70 | Abyss:1  | Found a corrupted altar of Lugonu.
    75 | D:1      | Escaped the Abyss
   354 | D:1      | Reached XP level 2. HP: 19/24 MP: 3/3
   705 | D:1      | Reached *** piety under Lugonu
  1210 | D:1      | Reached skill level 4 in Fighting
  1210 | D:1      | Reached XP level 3. HP: 30/30 MP: 4/4
  1872 | D:3      | Noticed an ogre
  1890 | D:3      | Killed an ogre
  1891 | D:3      | Reached XP level 4. HP: 38/38 MP: 4/6
  1891 | D:3      | Reached XP level 5. HP: 43/43 MP: 4/7
  1957 | D:3      | Found a faded altar of an unknown god.
  1992 | D:3      | Got Plato's Directory of Shapeshifting
  2081 | D:3      | Noticed Natasha
  2115 | D:3      | Killed Natasha
  2117 | D:3      | Reached skill level 5 in Fighting
  2309 | D:3      | Noticed Natasha
  2346 | D:3      | Killed Natasha
  2482 | D:3      | Noticed Natasha
  2498 | D:3      | Killed Natasha
  2499 | D:3      | Reached XP level 6. HP: 27/51 MP: 8/8
  3001 | D:4      | Reached **** piety under Lugonu
  3140 | D:4      | Noticed Menkaure
  3731 | D:4      | Noticed Eustachio
  3783 | D:4      | Killed Eustachio
  3784 | D:4      | Reached skill level 6 in Fighting
  3784 | D:4      | Reached skill level 5 in Dodging
  3784 | D:4      | Reached XP level 7. HP: 31/58 MP: 8/10
  4220 | D:5      | Entered Level 5 of the Dungeon
  4242 | D:5      | Noticed a yak
  4243 | D:5      | Noticed a yak
  4243 | D:5      | Noticed a yak
  4244 | D:5      | Noticed a yak
  4244 | D:5      | Noticed a yak
  4251 | D:5      | Noticed a yak
  4271 | D:4      | Killed a yak
  4526 | D:5      | Reached skill level 5 in Polearms
  4655 | D:4      | Killed a yak
  4917 | D:4      | Killed a yak
  4918 | D:4      | Reached skill level 7 in Fighting
  4918 | D:4      | Reached XP level 8. HP: 24/67 MP: 11/11
  5161 | D:5      | Killed a yak
  5162 | D:5      | Reached skill level 5 in Invocations
  5184 | D:5      | Killed a yak
  5188 | D:5      | Killed a yak
  5189 | D:5      | Reached skill level 8 in Fighting
  5601 | D:5      | Found a shimmering altar of Xom.
  5605 | D:5      | Found a shimmering blue altar of Sif Muna.
  5642 | D:5      | Found a white marble altar of Elyvilon.
  5762 | D:5      | Found a basalt altar of Yredelemnul.
  6214 | D:6      | Reached XP level 9. HP: 67/74 MP: 13/13
  6674 | D:6      | Noticed Sigmund
  6687 | D:6      | Killed Sigmund
  6947 | D:6      | Reached skill level 9 in Fighting
  6965 | D:6      | Found a blossoming altar of Fedhas.
  6968 | D:6      | Found an ancient bone altar of Kikubaaqudgha.
  7192 | D:6      | Found a staircase to the Ecumenical Temple.
  7207 | Temple   | Entered the Ecumenical Temple
  7801 | D:6      | Noticed Pikel
  7824 | D:6      | Killed Pikel
  8620 | D:7      | Reached skill level 10 in Fighting
  8805 | D:7      | Reached XP level 10. HP: 76/85 MP: 15/15
  9006 | D:7      | Noticed Maggie
  9036 | D:7      | Killed Maggie
  9369 | D:8      | Paralysed by a hornet for 2 turns
  9388 | D:8      | Reached skill level 1 in Long Blades
  9785 | D:8      | Upgraded the game from 0.29.1-2-gbd0b4ee654 to
                  | 0.29.1-12-g30fa7ad0bf
  9785 | D:8      | Quit the game

Illustrated notes

Levels and vault maps discovered:
D:1:      wander_arrival_peaceful_grave, layout_basic
D:2:      layout_rooms
D:3:      layout_rooms, shapermc_ecumenical_altar_rom_forum, serial_park_tiny_1,
          kennysheep_generic_room_14, uniq_natasha
D:4:      layout_cave_pods, uniq_menkaure, uniq_eustachio
D:5:      layout_cave_pods, kennysheep_ying_yang, nicolae_overflow_squiral
D:6:      layout_basic, grunt_temple_overflow_growth_and_decay,
          minmay_temple_entry_glassed_door, palyth_stone_intersect,
          uniq_sigmund, uniq_pikel
D:7:      layout_loops_cross, uniq_maggie
D:8:      hangedman_cross_stitches, layout_basic, trog_book, david_lair_shrubbed
Temple:   chequers_temple_sunken

Skill      XL: |  1  2  3  4  5  6  7  8  9 10 |
---------------+-------------------------------+-----
Dodging        | 3 4 5 7 8 9 |  9.1
Fighting       | 4 5 6 7 8 10 | 10.4
Polearms       | 3 4 5 6 8 |  8.6
Invocations    | 3 4 5 7 |  7.5
Long Blades    | 2 |  2.4
Armour         | |  0.6

Action                   |  1- 3 |  4- 6 |  7- 9 | 10-12 || total
-------------------------+-------+-------+-------+-------++-------
Melee: Spear             |   123 |   204 |    89 |    83 ||   499
       Punch             |     2 |       |     3 |     2 ||     7
       Trident           |       |    46 |   165 |       ||   211
       Tailslap          |       |       |     1 |       ||     1
       Halberd           |       |       |    54 |       ||    54
       Scimitar          |       |       |       |    19 ||    19
Throw: Dart              |     2 |       |     4 |       ||     6
       Boomerang         |       |       |     6 |       ||     6
  Use: Scroll            |       |     8 |       |       ||     8
       Potion            |       |     4 |     1 |       ||     5
Armor: Leather armour    |    10 |       |       |       ||    10
       Ring mail         |    17 |    50 |    57 |     1 ||   125
       Skin              |       |   125 |       |       ||   125
       Swamp dragon scal |       |       |       |    16 ||    16
Dodge: Dodged            |    52 |   111 |   134 |    45 ||   342
Block: Other             |     5 |    71 |    47 |    17 ||   140
       Reflection        |     1 |     2 |     6 |       ||     9
